 Dungeon Crawl Stone Soup version 0.29.0-4-gdea44cf6ec (webtiles) character file.

Game seed: 11650100042131989121

15 qw the Chopper (level 2, 0/17 HPs)
             Began as a Tengu Warper on Aug 29, 2022.
             Succumbed to their own poison gas
             ... on level 1 of the Dungeon.
             The game lasted 00:00:04 (1216 turns).

qw the Chopper (Tengu Warper)                       Turns: 1216, Time: 00:00:05

Health: 0/17       AC:  8    Str: 11    XL:     2   Next: 50%
Magic:  6/6        EV:  5    Int: 13    God:
Gold:   20         SH:  0    Dex: 13    Spells: 5/5 levels left

rFire   . . .      SeeInvis .   Y - +0 hand axe
rCold   . . .      Faith    .   (no shield)
rNeg    . . .      Spirit   .   i - +0 chain mail
rPois   .          Reflect  .   (helmet restricted)
rElec   .          Harm     .   (no cloak)
rCorr   .          Rampage  .   (no gloves)
Will    .....                   (boots unavailable)
Stlth   ..........              (no amulet)
HPRegen 0.05/turn               (no ring)
MPRegen 0.10/turn               (no ring)

@: lethally poisoned (0 -> -6)
A: beak, talons 3, mutation resistance 1
a: no special abilities


You were on level 1 of the Dungeon.
You visited 1 branch of the dungeon, and saw 1 of its levels.

You collected 20 gold pieces.


Innate Abilities, Weirdness & Mutations

You have a beak for a mouth.
You have claws for feet.
You are somewhat resistant to further mutation.


   Skills:
 - Level 2.0 Fighting
 + Level 3.3 Axes
 - Level 1.0 Throwing
 - Level 1.1 Armour
 - Level 2.1 Dodging
 - Level 2.0 Spellcasting
 - Level 2.4 Translocations


You had 5 spell levels left.
You didn't know any spells.
Your spell library contained the following spells:

 Spells                   Type           Power      Damage    Failure   Level
 Blink                    Tloc           14%        N/A       100%        2
 Gell's Gravitas          Tloc           7%         N/A       100%        3
 Lesser Beckoning         Tloc           7%         N/A       100%        3
 Teleport Other           Tloc           7%         N/A       100%        3
 Manifold Assault         Tloc           7%         N/A       100%        5

Inventory:

Hand Weapons
 d - a +0 whip
 Y - a +0 hand axe (weapon)
Armour
 i - a +0 chain mail (worn)
Jewellery
 m - a ring of ice
Potions
 h - a potion of curing {unknown}
 j - a potion of mutation
 k - a potion of degeneration {unknown}
 n - a potion of invisibility {unknown}

Dungeon Overview and Level Annotations

Branches:
Dungeon (1/15)

Altars:


Message History

As you read the scroll labelled LIFEEROZIC, it crumbles to dust.
It was a scroll of poison.
Done exploring.
1207 ||| DRINKING 3 dark potions.
It was a potion of mutation.
You feel extremely strange.
You feel your magical essence link to the dungeon's wands.
You feel a little pissed off.
1208 ||| DRINKING 2 potions of mutation.
You feel extremely strange.
You feel a little more calm.
Your magical essence no longer links to wands of the dungeon.
You feel resistant to cold.
You no longer feel cold resistant.
You feel genetically stable.
Done exploring.
1209 ||| DROPPING scroll of blinking.
You drop a scroll of blinking.
Done exploring.
1210 ||| DROPPING scroll of poison.
You drop a scroll of poison.
Done exploring.
(D) Dungeon
Where to? (* - list waypoints, ? - help)
What level of the Dungeon? (default 1, ? - help) Sorry, I don't know how to get there.
Done exploring.
1211 ||| Stepping randomly (stuck).
Really walk into that cloud of poison gas?
You are engulfed in poison gas.
You are lethally poisoned!
You feel very sick.
1212 ||| Stepping ~*~*~tactically~*~*~ (cloud).
You feel very sick.
Things that are here:
a scroll of poison; a scroll of blinking
There is a lethal amount of poison in your body!
You feel sick.
There is a lethal amount of poison in your body!
You feel sick.
There is a lethal amount of poison in your body!
You feel sick.
There is a lethal amount of poison in your body!
You die...

#.#...........#
#.#(#...(##0¤¤#
#.#.#......00¤#
#.#.#.¤...(¤¤0#
#.....¤¤...00¤#
#...###00###.0#
#.#..(¤0¤0¤¤.0#
#.#.).0¤0000.¤#
#.#.###.¤0¤¤¤@#
#.#...0¤0¤¤000#
#.#...¤0¤¤¤¤¤## #
#.#...00..¤.0# #
#.#)###0¤###0#
####.#...¤¤...¤0#
.........¤.######
.....#######
######


There were no monsters in sight!

Vanquished Creatures
  A dart slug (D:1)
  A ball python (D:1)
  A bat (D:1)
  An endoplasm (D:1)
  A giant cockroach (D:1)
  A hobgoblin (D:1)
  A frilled lizard (D:1)
  2 goblins (D:1)
  2 kobolds (D:1)
  2 rats (D:1)
13 creatures vanquished.

Notes
Turn   | Place    | Note
-------+----------+-------------------------------------------
     0 | D:1      | qw the Tengu Warper began the quest for the Orb.
     0 | D:1      | Reached XP level 1. HP: 12/12 MP: 4/4
     0 | D:1      | 0 ||| qw: Version: 0.1-a-89-g26bdef1
     0 | D:1      | 0 ||| qw: Game counter: 3549
     0 | D:1      | 0 ||| qw: Always use a shield: true
     0 | D:1      | 0 ||| qw: God list: Okawaru
     0 | D:1      | 0 ||| qw: Allow faded altars: false
     0 | D:1      | 0 ||| qw: Do Orc after D:15 true
     0 | D:1      | 0 ||| qw: Do second Lair branch before Depths: true
     0 | D:1      | 0 ||| qw: Lair rune preference: random
     0 | D:1      | 0 ||| qw: Plans: Normal
     0 | D:1      | 0 ||| PLANNING D:1-11
   285 | D:1      | Found a faded altar of an unknown god.
   395 | D:1      | 395 ||| Stepping ~*~*~tactically~*~*~ (hiding).
   497 | D:1      | 497 ||| Stepping ~*~*~tactically~*~*~ (hiding).
   503 | D:1      | Reached skill level 3 in Axes
   503 | D:1      | Reached XP level 2. HP: 17/17 MP: 6/6
  1079 | D:1      | 1079 ||| UPGRADING to +0 ring mail.
  1089 | D:1      | 1089 ||| DROPPING +0 leather armour.
  1090 | D:1      | 1090 ||| UPGRADING to +0 chain mail.
  1100 | D:1      | 1100 ||| DROPPING +0 ring mail.
  1101 | D:1      | 1101 ||| READING scroll labelled TOKABR RUROST.
  1202 | D:1      | 1202 ||| READING scroll labelled QUFIRPHOGAO.
  1206 | D:1      | 1206 ||| READING 2 scrolls labelled LIFEEROZIC.
  1207 | D:1      | 1207 ||| DRINKING 3 dark potions.
  1207 | D:1      | Gained mutation: You expend magic power (3 MP) to
                  | strengthen your wands. [potion of mutation]
  1207 | D:1      | Gained mutation: You sometimes lose your temper in combat.
                  | [potion of mutation]
  1208 | D:1      | 1208 ||| DRINKING 2 potions of mutation.
  1208 | D:1      | Lost mutation: You sometimes lose your temper in combat.
                  | [potion of mutation]
  1208 | D:1      | Lost mutation: You expend magic power (3 MP) to strengthen
                  | your wands. [potion of mutation]
  1208 | D:1      | Gained mutation: Your flesh is cold resistant. (rC+)
                  | [potion of mutation]
  1208 | D:1      | Lost mutation: Your flesh is cold resistant. (rC+) [potion
                  | of mutation]
  1208 | D:1      | Gained mutation: You are somewhat resistant to further
                  | mutation. [potion of mutation]
  1209 | D:1      | 1209 ||| DROPPING scroll of blinking.
  1210 | D:1      | 1210 ||| DROPPING scroll of poison.
  1211 | D:1      | 1211 ||| Stepping randomly (stuck).
  1212 | D:1      | 1212 ||| Stepping ~*~*~tactically~*~*~ (cloud).
  1213 | D:1      | HP: 4/17 [poisoned by you (poison gas)]
  1215 | D:1      | HP: 1/17 [poisoned by you (poison gas)]
  1216 | D:1      | Succumbed to their own poison gas

Levels and vault maps discovered:
D:1:      minmay_arrival_four_loops, layout_loops_ring,
          hellmonk_ecumenical_altar_lost_god

Skill      XL: |  1 |
---------------+----+-----
Axes           | 3 |  3.3
Fighting       | |  2.0
Throwing       | |  1.0
Armour         | |  1.1
Dodging        | |  2.1
Spellcasting   | |  2.0
Translocations | |  2.4

Action                   || total
-------------------------++-------
Melee: Hand axe          ||    16
       Kick              ||     5
       Peck              ||     4
Throw: Boomerang         ||     7
  Use: Scroll            ||     3
       Potion            ||     2
Armor: Leather armour    ||     3
Dodge: Dodged            ||     3

Table legend:
 A = Non-vault XP
 B = Vault XP
 C = Vault XP percentage of total XP
 D = Non-vault monster count
 E = Vault monster count
 F = Vault count percentage of total count
                 A         B        C        D         E       F
            +---------+---------+-------+---------+---------+-------
      Total |      22 |       0 |   0.0 |      13 |       0 |   0.0
            +---------+---------+-------+---------+---------+-------
        D:1 |      22 |       0 |   0.0 |      13 |       0 |   0.0
            +---------+---------+-------+---------+---------+-------
